 Dungeon Crawl Stone Soup version 0.31-a0-20-g13bd767e95 (webtiles) character file.

Game seed: 9508735590156563131

28665 Bennjico the Blocker (level 13, -1/119 HPs)
             Began as a Minotaur Fighter on May 13, 2023.
             Was the Champion of Okawaru.
             Slain by a purple ugly thing (20 damage)
             ... on level 14 of the Dungeon.
             The game lasted 00:24:44 (11251 turns).

Bennjico the Blocker (Minotaur Fighter)            Turns: 11251, Time: 00:24:44

Health: -1/119     AC:  0    Str: 32    XL:     13   Next: 11%
Magic:  12/12      EV: 15    Int:  5    God:    Okawaru [******]
Gold:   819        SH:  7    Dex: 13    Spells: 12/12 levels left

rFire   . . .        H - +10 consecrated labrys {holy, Valiant Fragile Fly SInv}
rCold   . . .        c - +0 buckler
rNeg    . . .        b - +1 scale mail
rPois   .            q - +0 hat of the Game of Kings {Dex+3 Stlth+}
rElec   .            N - +1 cloak
rCorr   .            F - +0 pair of gloves
SInv    +            o - +0 pair of boots
Will    .....        v - amulet of regeneration
Stlth   +            i - +6 ring of strength
HPRegen 1.19/turn    w - ring of see invisible
MPRegen 0.13/turn

%: no passive effects
@: corroded, flying
A: horns 2, retaliatory headbutt, passive freeze, MP-powered wands
a: Renounce Religion, Heroism, Finesse, Duel


You were on level 14 of the Dungeon.
You worshipped Okawaru.
Okawaru was exalted by your worship.
You visited 2 branches of the dungeon, and saw 15 of its levels.
You also visited: Bailey.

You collected 819 gold pieces.

Inventory:

Hand Weapons
 a - a +0 broad axe
 s - a +8 broad axe of electrocution
 H - the +10 consecrated labrys (weapon) {holy, Valiant Fragile Fly SInv}
   (Okawaru gifted it to you on level 9 of the Dungeon)

   Valiant:   It becomes more powerful as more dangerous foes come into view.
   SInv:      It lets you see invisible.
   Fly:       It grants you flight.
   Fragile:   It will be destroyed if unequipped.
Missiles
 g - 6 throwing nets (quivered)
Armour
 b - a +1 scale mail (worn)
 c - a +0 buckler (worn)
 o - a +0 pair of boots (worn)
 q - the +0 hat of the Game of Kings (worn) {Dex+3 Stlth+}
   (Okawaru gifted it to you on level 14 of the Dungeon)

   Dex:       It affects your dexterity (+3).
   Stlth:     It makes you more stealthy.
 F - a +0 pair of gloves (worn)
 N - a +1 cloak (worn)
Jewellery
 i - a +6 ring of strength (left hand)
 v - an amulet of regeneration (around neck)
 w - a ring of see invisible (right hand)
 C - an amulet of guardian spirit
 M - a ring of protection from fire
Wands
 m - a wand of flame (43)
 u - a wand of digging (5)
 y - a wand of polymorph (7)
 E - a wand of roots (7)
 J - a wand of light (4)
Scrolls
 h - 2 scrolls of fog
 j - 9 scrolls of teleportation
 p - 6 scrolls of enchant armour
 G - a scroll of magic mapping
 I - a scroll of silence
 L - a scroll of fear
Potions
 d - 2 potions of berserk rage
 e - a potion of flight
 f - 3 potions of curing
 k - 3 potions of mutation
 l - a potion of haste
 n - a potion of ambrosia {unknown}
 r - 3 potions of invisibility
 t - 3 potions of lignification
 x - 3 potions of magic
 z - a potion of cancellation {unknown}
 B - 2 potions of might
 D - 2 potions of resistance
 K - 2 potions of attraction


   Skills:
 + Level 12.6 Fighting
 + Level 12.3 Axes
 + Level 12.6 Armour
 + Level 11.0 Dodging
 + Level 12.6 Shields


You had 12 spell levels left.
You didn't know any spells.
Your spell library contained the following spells:

 Spells                   Type           Power      Damage    Failure   Level
 Apportation              Tloc           0%         N/A       69%         1
 Necrotise                Necr           0%         1d4       69%         1
 Slow                     Hex            0%         N/A       69%         1
 Confusing Touch          Hex            0%         N/A       96%         3
 Dazzling Flash           Conj/Hex       0%         N/A       96%         3
 Ozocubu's Armour         Ice            0%         N/A       96%         3
 Vampiric Draining        Necr           0%         2d6       96%         3
 Volatile Blastmotes      Fire/Tloc      0%         2d10      96%         3
 Anguish                  Hex/Necr       0%         N/A       100%        4
 Cause Fear               Hex            0%         N/A       100%        4
 Iskenderun's Mystic Bla  Conj/Tloc      0%         2d3       100%        4
 Leda's Liquefaction      Hex/Erth       0%         N/A       100%        4
 Manifold Assault         Tloc           0%         N/A       100%        4
 Petrify                  Tmut/Erth      0%         N/A       100%        4
 Borgnjor's Vile Clutch   Necr/Erth      0%         N/A       100%        5
 Metabolic Englaciation   Hex/Ice        0%         N/A       100%        5
 Dispersal                Tloc           0%         N/A       100%        6
 Starburst                Conj/Fire      0%         6d3       100%        6
 Statue Form              Tmut/Erth      0%         N/A       100%        6
 Enfeeble                 Hex            0%         N/A       100%        7
 Disjunction              Tloc           0%         N/A       100%        8
 Summon Small Mammal      Summ           Unusable   N/A       N/A         1
 Tukima's Dance           Hex            Unusable   N/A       N/A         3
 Animate Dead             Necr           Unusable   N/A       N/A         4
 Death Channel            Necr           Unusable   N/A       N/A         6
 Simulacrum               Ice/Necr       Unusable   N/A       N/A         6

Dungeon Overview and Level Annotations

Branches:
Dungeon (14/15)            Temple (1/1) D:7            Lair (0/5) D:8
    Orc (0/2) D:12         Bailey (visited)
 Vaults: D:13-14

Altars:
Cheibriados
Dithmenos
Elyvilon
Fedhas
Gozag
Hepliaklqana
Kikubaaqudgha
Makhleb
Nemelex Xobeh
Okawaru
Qazlal
Ru
Sif Muna
Trog
Uskayaw
Vehumet
Wu Jian
Xom
Yredelemnul
Zin
The Shining One

Shops:
D:1 (   D:7 [

Portals:
Trove: D:14 (give 19 potions of curing)

Annotations:
D:10 2 transporters
D:12 2 transporters, exclusion: oklob plant, Morbidden's ghost, journeyman BaCj


Innate Abilities, Weirdness & Mutations

You have a pair of horns on your head.
You reflexively headbutt those who attack you in melee.
A frigid envelope surrounds you and freezes all who hurt you.
You expend magic power (3 MP) to strengthen your wands.


Message History

You hit the brown ugly thing.
The brown ugly thing is severely wounded.
You hit the purple ugly thing. You hit the brown ugly thing.
The brown ugly thing misses you. You furiously retaliate!
You headbutt the brown ugly thing, but do no damage.
The brown ugly thing tentacle-slaps you.
The acid corrodes you!
You are splashed with acid!
The brown ugly thing is very cold.
The brown ugly thing is moderately wounded.
You slice the brown ugly thing!!
You kill the brown ugly thing!
Okawaru accepts your kill.
You hit the purple ugly thing. You slash the brown ugly thing!
The brown ugly thing tentacle-slaps you.
You are splashed with acid!
* * * LOW HITPOINT WARNING * * *
The brown ugly thing is very cold.
The brown ugly thing is heavily wounded.
The brown ugly thing attacks as you move away!
The brown ugly thing tentacle-slaps you!
* * * LOW HITPOINT WARNING * * *
You are splashed with acid!
* * * LOW HITPOINT WARNING * * *
The brown ugly thing is very cold.
The brown ugly thing is severely wounded.
The purple ugly thing trunk-slaps you!
* * * LOW HITPOINT WARNING * * *
The purple ugly thing is very cold.
The purple ugly thing is lightly wounded.
You see here an ugly thing corpse.
You slice the brown ugly thing!! You headbutt the brown ugly thing!
The brown ugly thing is almost dead.
You hit the purple ugly thing.
You block the purple ugly thing's attack.
You block the brown ugly thing's attack.
Unknown command.
Okay, then.
Unknown command.
You feel better. The purple ugly thing trunk-slaps you!!
You die...

#...(....# ###...
#...###### #... ....
#... .... .. ###+ .....
.... .... ####....# ...
+.......# #'####.......#
#.u@.........#
####.†u.........#
..........!......#
...............>.#######
##########.............#
#...........(..
#.............#
#.............#
#.............#


You could see 2 ugly things.

Vanquished Creatures
  Josephine (D:11)
  A hydra (D:13)
  Erolcha (D:9)
  A rakshasa (D:13)
  A boulder beetle (D:13)
  A catoblepas (D:13)
  A death knight (D:14)
  4 centaur warriors
  Nergalle (D:10)
  A wolf spider zombie (D:9)
  2 orc knights (Bailey)
  A manticore (D:12)
  A deep elf pyromancer (D:13)
  5 ugly things
  2 cyclopes (D:14)
  A manticore (shapeshifter) (D:14)
  4 centaur zombies (D:9)
  Maggie (D:6)
  2 centaur skeletons (D:9)
  4 kobold demonologists
  2 unseen horrors
  A gargoyle (D:10)
  The ghost of blade888 the Conjurer, a novice OpCj (D:5)
  Psyche (D:10)
  2 komodo dragons (D:12)
  An efreet (D:12)
  2 hellwings (D:9)
  8 trolls
  A shadow (D:13)
  A centaur simulacrum (D:14)
  2 wyverns
  6 wraiths (D:11)
  8 yaks
  A vampire (D:12)
  Menkaure (D:6)
  9 vampire mosquitoes
  A water moccasin (D:8)
  3 acid dragons
  9 orc warriors
  An ice beast (D:7)
  A black bear (shapeshifter) (D:13)
  An ogre (D:6)
  2 black bears
  4 centaurs
  A phantom (D:4)
  4 kobold brigands
  2 bullfrogs
  2 gnoll sergeants
  3 scorpions
  7 wights
  8 killer bees (D:10)
  A howler monkey (D:6)
  2 hounds
  4 jellies
  A gnoll bouda (D:8)
  9 orc priests
  Crazy Yiuf (D:5)
  Natasha (thrice) (D:2)
  3 iguanas
  15 orc wizards
  13 gnolls
  8 adders
  4 shadow imps
  3 white imps
  2 ufetubi (D:6)
  3 worms
  5 dart slugs
  59 orcs
  9 ball pythons
  10 endoplasms
  9 giant cockroaches
  9 goblins
  8 hobgoblins
  2 jackals (D:3)
  3 quokkas
  6 bats
  4 frilled lizards
  19 kobolds
  13 rats
360 creatures vanquished.

Notes
Turn   | Place    | Note
-------+----------+-------------------------------------------
     0 | D:1      | Bennjico the Minotaur Fighter began the quest for the Orb.
     0 | D:1      | Reached XP level 1. HP: 19/19 MP: 0/0
    83 | D:1      | Reached XP level 2. HP: 27/27 MP: 1/1
   154 | D:1      | Reached skill level 1 in Dodging
   274 | D:1      | Reached XP level 3. HP: 32/33 MP: 2/2
   302 | D:1      | You fall into a shaft and drop 1 floor!
   749 | D:1      | Found Qeeg's Weapon Shoppe.
   841 | D:2      | Noticed Natasha
   848 | D:2      | Killed Natasha
   849 | D:2      | Reached XP level 4. HP: 39/40 MP: 3/3
   851 | D:2      | Noticed Natasha
   861 | D:2      | Killed Natasha
  1115 | D:2      | Got the Secrets of Charms
  1232 | D:2      | Found a burning altar of Makhleb.
  1312 | D:2      | Noticed Natasha
  1336 | D:2      | Killed Natasha
  1337 | D:2      | Reached XP level 5. HP: 34/47 MP: 4/4
  1974 | D:3      | Found a blossoming altar of Fedhas.
  1974 | D:3      | Found an iron altar of Okawaru.
  1982 | D:3      | Found a faded altar of an unknown god.
  1985 | D:3      | Became a worshipper of Warmaster Okawaru
  1989 | D:3      | Found a faded altar of an unknown god.
  1991 | D:3      | Found a stormy altar of Qazlal.
  2326 | D:4      | Noticed a phantom
  2335 | D:4      | Killed a phantom
  2336 | D:4      | Reached XP level 6. HP: 45/55 MP: 5/5
  2437 | D:4      | Reached skill level 5 in Armour
  2515 | D:4      | Reached skill level 5 in Fighting
  2515 | D:4      | Reached skill level 5 in Shields
  3136 | D:5      | Entered Level 5 of the Dungeon
  3217 | D:5      | Reached XP level 7. HP: 61/61 MP: 6/6
  3251 | D:5      | Reached * piety under Okawaru
  3494 | D:5      | Noticed blade888's ghost (novice OpCj)
  3496 | D:5      | Found a runed translucent gate.
  3508 | D:5      | Found a runed translucent gate.
  3509 | D:5      | Found a runed translucent gate.
  3729 | D:5      | Found a runed translucent door.
  3730 | D:5      | Noticed Crazy Yiuf
  3745 | D:5      | Killed Crazy Yiuf
  3891 | D:5      | Reached skill level 5 in Axes
  4116 | D:5      | Killed blade888's ghost
  4117 | D:5      | Reached XP level 8. HP: 58/70 MP: 7/7
  4484 | D:6      | Reached ** piety under Okawaru
  4535 | D:6      | Noticed Maggie
  4547 | D:6      | Killed Maggie
  4548 | D:6      | Reached skill level 5 in Dodging
  4677 | D:6      | Noticed Menkaure
  4683 | D:6      | Killed Menkaure
  4795 | D:6      | Found a basalt altar of Yredelemnul.
  4795 | D:6      | Found a sparkling altar of Nemelex Xobeh.
  4901 | D:7      | Reached XP level 9. HP: 79/79 MP: 8/8
  4907 | D:7      | Found a staircase to the Ecumenical Temple.
  4915 | Temple   | Entered the Ecumenical Temple
  4978 | D:7      | Gained mutation: A frigid envelope surrounds you and
                  | freezes all who hurt you. [potion of mutation]
  4978 | D:7      | Gained mutation: You expend magic power (3 MP) to
                  | strengthen your wands. [potion of mutation]
  4983 | D:7      | Found Cuucohek's Armour Shop.
  5508 | D:8      | Reached *** piety under Okawaru
  5673 | D:8      | Found a flagged portal.
  5707 | Bailey   | Entered a bailey
  5775 | Bailey   | Reached **** piety under Okawaru
  5836 | Bailey   | Noticed an orc knight
  5847 | Bailey   | Killed an orc knight
  5848 | Bailey   | Reached XP level 10. HP: 53/90 MP: 1/9
  5909 | Bailey   | Noticed an orc knight
  5919 | Bailey   | Killed an orc knight
  6382 | D:8      | Found a staircase to the Lair.
  6610 | D:9      | Noticed Erolcha
  6628 | D:9      | Killed Erolcha
  6646 | D:9      | Reached ***** piety under Okawaru
  6805 | D:9      | Reached XP level 11. HP: 99/99 MP: 10/10
  6815 | D:9      | Reached skill level 10 in Fighting
  6815 | D:9      | Reached skill level 10 in Armour
  6820 | D:9      | Reached skill level 10 in Shields
  7223 | D:9      | Received a gift from Okawaru
  7223 | D:9      | Reached ****** piety under Okawaru
  7223 | D:9      | Found the +4 consecrated labrys {holy, Valiant Fragile Fly
                  | SInv}
  7397 | D:10     | Entered Level 10 of the Dungeon
  7565 | D:10     | Reached skill level 10 in Axes
  8021 | D:10     | Found a transporter.
  8023 | D:10     | Found a transporter.
  8024 | D:10     | Noticed a two-headed ogre
  8026 | D:10     | Noticed a two-headed ogre
  8027 | D:10     | Noticed an orc high priest
  8027 | D:10     | Noticed an orc sorcerer
  8031 | D:10     | Noticed a stone giant
  8085 | D:10     | Noticed Psyche
  8097 | D:10     | Killed Psyche
  8416 | D:10     | Noticed Nergalle
  8426 | D:10     | Killed Nergalle
  8906 | D:11     | Noticed Josephine
  8915 | D:11     | Killed Josephine
  8918 | D:11     | Received a gift from Okawaru
  8959 | D:11     | Reached XP level 12. HP: 108/110 MP: 11/11
  9475 | D:12     | Found a transporter.
  9482 | D:12     | Noticed Morbidden's ghost (journeyman BaCj)
  9484 | D:12     | Found a transporter.
  9657 | D:12     | Found a staircase to the Orcish Mines.
  9880 | D:13     | Reached skill level 10 in Dodging
  9899 | D:13     | Noticed a rakshasa
  9913 | D:13     | Killed a rakshasa
 10068 | D:13     | Noticed a seven-headed hydra
 10073 | D:13     | Killed a nine-headed hydra
 10174 | D:13     | Noticed a catoblepas
 10181 | D:13     | Killed a catoblepas
 10181 | D:13     | Received a gift from Okawaru
 10250 | D:13     | Noticed a boulder beetle
 10263 | D:13     | Killed a boulder beetle
 10456 | D:13     | Noticed a centaur warrior
 10461 | D:13     | Killed a centaur warrior
 10513 | D:13     | Noticed a centaur warrior
 10520 | D:13     | Killed a centaur warrior
 10857 | D:14     | Found a portal to a secret trove of treasure.
 10915 | D:14     | Found an ornate altar of the Wu Jian Council.
 11123 | D:14     | Noticed a death knight
 11131 | D:14     | Killed a death knight
 11131 | D:14     | Noticed a centaur warrior
 11131 | D:14     | Noticed a centaur warrior
 11138 | D:14     | Killed a centaur warrior
 11139 | D:14     | Killed a centaur warrior
 11139 | D:14     | Identified the +0 hat of the Game of Kings {Dex+3 Stlth+}
                  | (Okawaru gifted it to you on level 14 of the Dungeon)
 11139 | D:14     | Received a gift from Okawaru
 11140 | D:14     | Reached XP level 13. HP: 38/119 MP: 12/12
 11251 | D:14     | Slain by a purple ugly thing

Illustrated notes

Levels and vault maps discovered:
D:1:      dpeg_arrival_prison, layout_loops_cross, serial_shops, shop,
          hangedman_abyss_or_decor_stabs, roderic_filled_cross
D:2:      layout_loops_ring, basic_altar, minmay_unequal, uniq_natasha
D:3:      layout_basic, chequers_temple_overflow_minitemple
D:4:      layout_loops_ring, serial_glass, glass_columns_b, glass_columns_a,
          minmay_goblin_kobold_house
D:5:      layout_loops_ring, portal_sewer_entry_e, gammafunk_ghost_split,
          kennysheep_nondescript, uniq_crazy_yiuf_cottage
D:6:      layout_basic, gammafunk_temple_overflow_wave, uniq_menkaure,
          uniq_maggie
D:7:      layout_basic, minmay_temple_entry_wispy, serial_shops, shop
D:8:      layout_loops_cross, lair_entry_dummy, enter_bailey_5
D:9:      cheibrodos_grave_circle, layout_long_grid, uniq_erolcha
D:10:     gammafunk_beogh_shrine, layout_layer_cave, uniq_nergalle, uniq_psyche
D:11:     layout_loops_ring, uniq_josephine
D:12:     layout_irregular_city, orc_0_dummy, nzn_ghost_randoct
D:13:     layout_loops_corners
D:14:     layout_irregular_city, david_vaults_5, nicolae_trove_entry_diagonal,
          nicolae_wu_jian_wuxing_cycle
Temple:   sentei_temple_godly_chess

Skill      XL: |  1  2  3  4  5  6  7  8  9 10 11 12 13 |
---------------+----------------------------------------+-----
Dodging        | 1 2 3 4 5 6 8 9 10 11 | 11.0
Armour         | 4 5 6 7 8 9 11 12 | 12.6
Fighting       | 4 5 6 7 8 9 11 12 | 12.6
Shields        | 4 5 6 7 8 9 11 12 | 12.6
Axes           | 3 4 5 6 8 9 10 12 | 12.3

Action                     |  1- 3 |  4- 6 |  7- 9 | 10-12 | 13-15 || total
---------------------------+-------+-------+-------+-------+-------++-------
  Melee: War axe           |    81 |   156 |   222 |   100 |       ||   559
         Headbutt          |    11 |    23 |    36 |    61 |     5 ||   136
         Labrys            |       |       |       |   228 |    17 ||   245
  Evoke: Wand              |       |       |     9 |     7 |       ||    16
    Use: Scroll            |       |     9 |     6 |    17 |       ||    32
         Potion            |       |       |     4 |     5 |     1 ||    10
   Stab: Invisible         |       |       |       |     2 |     1 ||     3
 Armour: Scale mail        |    36 |    65 |   103 |   169 |     6 ||   379
  Dodge: Dodged            |    35 |    63 |   125 |   208 |     9 ||   440
  Block: Buckler           |    15 |    24 |    51 |   105 |     4 ||   199

Table legend: (Time is in decaauts)
 A = Elapsed time spent in this place.
 B = Non-inter-level travel time spent in this place.
 C = Inter-level travel time spent in this place.
 D = Time resting spent in this place.
 E = Time spent auto-exploring this place.
 F = Levels seen in this place.
 G = Mean time per level.
                   A        B        C        D        E       F      G
               +--------+--------+--------+--------+--------+-----+--------+
         Total |  11375 |  11062 |    313 |     59 |   8492 |  16 |  710.9 |
       Dungeon |  11051 |  10739 |    312 |     18 |   8429 |  14 |  789.4 |
        Temple |      1 |      1 |      0 |      0 |      0 |   1 |    1.0 |
        Bailey |    322 |    322 |      0 |     41 |     63 |   1 |  322.0 |
               +--------+--------+--------+--------+--------+-----+--------+

Top non-repeatable levels by time:
     D:5: 1162 daAuts
    D:10: 1131 daAuts
     D:4: 992 daAuts
    D:13: 976 daAuts
     D:9: 843 daAuts
     D:8: 799 daAuts
     D:1: 794 daAuts
     D:2: 783 daAuts
    D:11: 678 daAuts
     D:7: 667 daAuts
     D:3: 644 daAuts
    D:12: 597 daAuts
     D:6: 543 daAuts
    D:14: 436 daAuts
  Bailey: 322 daAuts
